 Dungeon Crawl Stone Soup version 0.28.0-47-ge53b351184 (webtiles) character file.

Game seed: 16243443154138011642

2816 croobank the Covert (level 9, -1/74 HPs)
             Began as a Gnoll Delver on Apr 29, 2022.
             Was an Initiate of Gozag.
             Slain by Harold
             ... wielding a +0 long sword
              (11 damage)
             ... on level 7 of the Dungeon.
             The game lasted 00:28:11 (7029 turns).

croobank the Covert (Gnoll Delver)                  Turns: 7029, Time: 00:28:13

Health: -1/74      AC: 14    Str: 12    XL:     9   Next: 72%
Magic:  7/15       EV:  7    Int: 13    God:    Gozag
Gold:   69         SH:  0    Dex: 14    Spells: 13/17 levels left

rFire   + . .      SeeInvis +   t - +10 scythe "Lugugeg" {vamp, SInv}
rCold   . . .      Faith    .   (shield currently unavailable)
rNeg    . . .      Spirit   .   F - +1 ring mail {rF+}
rPois   .          Reflect  .   x - +2 helmet
rElec   .          Harm     .   I - +1 cloak
rCorr   .          Rampage  .   n - +0 pair of gloves
Will    .....                   J - +0 pair of boots
Stlth   ++++......              (no amulet)
HPRegen 0.22/turn               z - +4 ring of slaying
MPRegen 0.14/turn               M - ring of see invisible

@: marked, gold aura, held, hasted (expiring), very quick
A: fangs 1, strong nose, distributed training
a: Renounce Religion, Potion Petition, Call Merchant, Bribe Branch


You were on level 7 of the Dungeon.
You worshipped Gozag.
Gozag was noncommittal.
You visited 2 branches of the dungeon, and saw 8 of its levels.

You collected 946 gold pieces.
You spent 819 gold pieces at shops.
You paid 58 gold pieces to Gozag.

Inventory:

Hand Weapons
 a - a +0 hand axe
 t - the +10 scythe "Lugugeg" (weapon) {vamp, SInv}
   (You bought it in a shop on level 4 of the Dungeon)

   It occasionally heals its wielder for a portion of the damage dealt when it
   wounds a living foe.
   SInv:      It lets you see invisible.
 v - a +0 quarterstaff
 B - a +3 spectral dagger
 C - a +2 spear of distortion
 P - the +3 mace of Defence by Offence {flame, rF+ Str+8 Stlth-}
   (You found it on level 6 of the Dungeon)

   It burns those it strikes, dealing additional fire damage.
   Str:       It affects your strength (+8).
   rF:        It protects you from fire.
   Stlth:     It makes you less stealthy.
Missiles
 l - 89 sling bullets
 m - 9 boomerangs (quivered)
 q - 258 stones
 s - 53 arrows
 N - 15 bolts
 S - 2 poisoned darts
Armour
 b - a +0 leather armour
 h - a +0 scale mail
 i - a +0 buckler
 k - a +2 scale mail of fire resistance
 n - a +0 pair of gloves (worn)
 p - a +0 leather armour of willpower
 x - a +2 helmet (worn)
 F - a +1 ring mail of fire resistance (worn)
 I - a +1 cloak (worn)
 J - a +0 pair of boots (worn)
 O - the +0 pair of gloves of the Bagpipe {-Tele Rampage Will+}
   (You found it on level 6 of the Dungeon)

   -Tele:     It prevents most forms of teleportation.
   Rampage:   It bestows one free step when moving towards enemies.
   Will:      It increases your willpower.
Jewellery
 z - a +4 ring of slaying (left hand)
 L - a ring of positive energy
 M - a ring of see invisible (right hand)
Wands
 g - a wand of digging (3)
 j - a wand of polymorph (6)
 y - a wand of acid (8)
Scrolls
 c - a scroll of fog
 d - 3 scrolls of magic mapping
 e - 3 scrolls of fear
 u - a scroll of holy word
 w - 4 scrolls of teleportation
 K - a scroll of identify
 R - a scroll of vulnerability {unknown}
Potions
 f - a potion of haste
 r - 2 potions of mutation
 A - a potion of brilliance {unknown}
 D - a potion of magic
 G - a potion of lignification
 H - 2 potions of degeneration


   Skills:
 + Level 8.0 Fighting
 + Level 4.5 Short Blades
 + Level 4.5 Long Blades
 + Level 6.5 Axes
 + Level 4.5 Maces & Flails
 + Level 4.5 Polearms
 + Level 4.5 Staves
 + Level 4.5 Slings
 + Level 4.5 Bows
 + Level 4.5 Crossbows
 + Level 4.5 Throwing
 + Level 4.5 Armour
 + Level 6.5 Dodging
 + Level 10.6 Stealth
 + Level 4.5 Shields
 + Level 4.5 Unarmed Combat
 + Level 4.5 Spellcasting
 + Level 3.7 Conjurations
 + Level 3.7 Hexes
 + Level 3.7 Summonings
 + Level 3.7 Necromancy
 + Level 3.7 Translocations
 + Level 3.7 Transmutations
 + Level 3.7 Fire Magic
 + Level 3.7 Ice Magic
 + Level 3.7 Air Magic
 + Level 3.7 Earth Magic
 + Level 3.7 Poison Magic
 + Level 5.0 Invocations
 + Level 4.5 Evocations


You had 13 spell levels left.
You knew the following spells:

 Your Spells              Type           Power      Damage    Failure   Level
a - Poisonous Vapours     Pois/Air       24%        N/A       14%         2
b - Scorch                Fire           24%        2d6       14%         2

Your spell library contained the following spells:

 Spells                   Type           Power      Damage    Failure   Level
 Animate Skeleton         Necr           24%        N/A       9%          1
 Apportation              Tloc           24%        N/A       9%          1
 Summon Small Mammal      Summ           48%        N/A       9%          1
 Corpse Rot               Necr/Air       24%        N/A       14%         2
 Flame Wave               Conj/Fire      12%        2d6       65%         4
 Alistair's Intoxication  Tmut/Pois      8%         N/A       94%         5
 Summon Cactus Giant      Summ           6%         N/A       100%        6


Dungeon Overview and Level Annotations

Branches:
Dungeon (7/15)             Temple (1/1) D:4

Altars:
Ashenzari
Cheibriados
Dithmenos
Elyvilon
Fedhas
Gozag
Hepliaklqana
Kikubaaqudgha
Makhleb
Nemelex Xobeh
Okawaru
Qazlal
Ru
Sif Muna
Trog
Uskayaw
Vehumet
Wu Jian
Xom
Yredelemnul
Zin
The Shining One

Shops:
D:4 [!*   D:7 :([!

Annotations:
D:7 Harold


Innate Abilities, Weirdness & Mutations

You have very sharp teeth.
Your uncanny sense of smell can sniff out nearby items.
Your experience applies equally to all skills.


Message History

Aiming: Corrosive Bolt
Press: ? - help, Shift-Dir - straight line, f/p - Harold
Aim: Harold, wielding a +0 long sword, wearing a +0 scale mail and quivering 2 throwing nets (heavily wounded, unusually resistant, 84% to hit)
The bolt of acid hits Harold!
Harold is severely wounded.
Harold gestures at you while chanting. The mark upon you grows brighter.
You cannot attack while held in a net.
You struggle against the net.
Aiming: Corrosive Bolt
Press: ? - help, Shift-Dir - straight line, f/p - Harold
Aim: Harold, wielding a +0 long sword, wearing a +0 scale mail and quivering 2 throwing nets (severely wounded, unusually resistant, 84% to hit)
The bolt of acid misses Harold.
Aiming: Corrosive Bolt
Press: ? - help, Shift-Dir - straight line, f/p - Harold
Aim: Harold, wielding a +0 long sword, wearing a +0 scale mail and quivering 2 throwing nets (severely wounded, unusually resistant, 84% to hit)
The bolt of acid hits Harold.
Harold is severely wounded.
You are too injured to fight recklessly!
You cannot attack while held in a net.
Cast which spell? (? or * to list) Flames lash the kobold.
The kobold is severely wounded.
The kobold's fire resistance burns away.
Your extra speed is starting to run out.
Casting: Scorch (safe; 14% risk of failure)
Confirm with . or Enter, or press ? or * to list all spells.
Flames lash the kobold.
The kobold is burned terribly!
You kill the kobold!
Casting: Scorch (safe; 14% risk of failure)
Confirm with . or Enter, or press ? or * to list all spells.
Flames lash Harold but do no damage.
Harold hits you with a +0 long sword!
* * * LOW HITPOINT WARNING * * *
Casting: Scorch (safe; 14% risk of failure)
Confirm with . or Enter, or press ? or * to list all spells.
Flames lash the kobold.
You kill the kobold!
Harold hits you with a +0 long sword!
You die...
Your body crumbles into a pile of gold.

.... # ... # ... ∆ ..
#### . #. ...# ##.
#.## #..# ... #..#
#..#####.... #@#
#.........# #@##
#.@....... #$.#
#.##...#.# ##$#
##.#......#
#####K#####..##(.##..
#.....K..K@.###..###.
#.........####....##.
#......$..#......K@..
#.$......## .##§KK.


You could see Harold (resistant) and 2 kobolds.

Vanquished Creatures
  A vampire (D:7)
  A steam dragon (D:4)
  A water moccasin (D:5)
  2 black bears
  A hornet zombie (D:7)
  2 sky beasts
  3 ogres
  2 necrophages
  A phantom (D:5)
  A kobold brigand (D:7)
  6 scorpions
  A water moccasin zombie (D:5)
  A wyvern skeleton (D:6)
  A water moccasin skeleton (D:6)
  A killer bee (D:6)
  A wight (D:6)
  A jelly (D:6)
  4 hounds
  A gnoll shaman (D:6)
  2 orc priests
  Crazy Yiuf (D:6)
  A centaur skeleton (D:6)
  A bullfrog skeleton (D:7)
  3 iguanas (D:6)
  3 orc wizards
  A killer bee zombie (D:6)
  A mummy (D:5)
  2 howler monkey skeletons
  6 adders
  4 gnolls
  A shadow imp (D:6)
  An ufetubus (D:7)
  An adder skeleton (D:4)
  3 worms
  2 dart slugs
  24 orcs
  5 endoplasms
  4 giant cockroaches
  9 goblins
  7 hobgoblins
  5 jackals
  9 kobolds
  4 quokkas
  11 ball pythons
  6 bats
  5 frilled lizards
  A kobold zombie (D:5)
  5 rats
160 creatures vanquished.

Notes
Turn   | Place    | Note
-------+----------+-------------------------------------------
     0 | D:5      | Reached skill level 9 in Stealth
     0 | D:5      | croobank the Gnoll Delver began the quest for the Orb.
     0 | D:5      | Reached XP level 1. HP: 23/23 MP: 1/1
    41 | D:5      | Noticed an orc priest
   236 | D:2      | Reached XP level 2. HP: 29/29 MP: 2/2
   573 | D:2      | Reached XP level 3. HP: 34/35 MP: 3/3
  1131 | D:1      | Reached skill level 1 in Invocations
  1408 | D:1      | Reached skill level 1 in Short Blades
  1408 | D:1      | Reached skill level 1 in Long Blades
  1408 | D:1      | Reached skill level 1 in Maces & Flails
  1408 | D:1      | Reached skill level 1 in Polearms
  1408 | D:1      | Reached skill level 1 in Staves
  1408 | D:1      | Reached skill level 1 in Slings
  1408 | D:1      | Reached skill level 1 in Bows
  1408 | D:1      | Reached skill level 1 in Crossbows
  1408 | D:1      | Reached skill level 1 in Throwing
  1408 | D:1      | Reached skill level 1 in Armour
  1408 | D:1      | Reached skill level 1 in Shields
  1408 | D:1      | Reached skill level 1 in Unarmed Combat
  1408 | D:1      | Reached skill level 1 in Spellcasting
  1408 | D:1      | Reached skill level 1 in Evocations
  1695 | D:2      | You fall into a shaft and drop 2 floors!
  1716 | D:4      | Noticed a necrophage
  1742 | D:4      | Found a staircase to the Ecumenical Temple.
  1747 | D:4      | Noticed a black bear
  1782 | D:4      | Killed a necrophage
  1783 | D:4      | Reached skill level 1 in Conjurations
  1783 | D:4      | Reached skill level 1 in Hexes
  1783 | D:4      | Reached skill level 1 in Summonings
  1783 | D:4      | Reached skill level 1 in Necromancy
  1783 | D:4      | Reached skill level 1 in Translocations
  1783 | D:4      | Reached skill level 1 in Transmutations
  1783 | D:4      | Reached skill level 1 in Fire Magic
  1783 | D:4      | Reached skill level 1 in Ice Magic
  1783 | D:4      | Reached skill level 1 in Air Magic
  1783 | D:4      | Reached skill level 1 in Earth Magic
  1783 | D:4      | Reached skill level 1 in Poison Magic
  1783 | D:4      | Reached XP level 4. HP: 35/41 MP: 4/6
  1783 | D:4      | Reached XP level 5. HP: 40/47 MP: 4/7
  1830 | D:4      | Found a broken altar of Ashenzari.
  1972 | D:4      | Noticed an ogre
  2019 | D:4      | Killed an ogre
  2020 | D:4      | Reached XP level 6. HP: 23/53 MP: 8/8
  2366 | D:3      | Reached skill level 5 in Axes
  2366 | D:3      | Reached skill level 5 in Dodging
  2571 | D:2      | Found a faded altar of an unknown god.
  3218 | D:3      | Learned a level 2 spell: Poisonous Vapours
  3577 | D:4      | Killed a black bear
  3578 | D:4      | Reached XP level 7. HP: 59/59 MP: 10/10
  3602 | Temple   | Entered the Ecumenical Temple
  3828 | Temple   | Became a worshipper of Gozag Ym Sagoz the Greedy
  3876 | D:4      | Noticed a steam dragon
  3883 | D:4      | Killed a steam dragon
  4172 | D:4      | Found Suyroxar's Armour Shoppe.
  4180 | D:4      | Found Hywnun's Distillery.
  4184 | D:4      | Bought a +1 cloak for 126 gold pieces
  4232 | D:4      | Found Emar's Assorted Antiques.
  4435 | D:5      | Reached skill level 10 in Stealth
  4707 | D:5      | Reached XP level 8. HP: 67/67 MP: 12/12
  5283 | D:4      | Bought a glimmering scythe for 160 gold pieces
  5283 | D:4      | Identified the +10 scythe "Lugugeg" {vamp, SInv} (You
                  | bought it in a shop on level 4 of the Dungeon)
  5938 | D:6      | Reached XP level 9. HP: 64/72 MP: 14/14
  6454 | D:6      | Identified the +0 pair of gloves of the Bagpipe {-Tele
                  | Rampage Will+}
  6480 | D:6      | Found a runed translucent door.
  6480 | D:6      | Found the +6 shillelagh "Devastator" {shatter}
  6481 | D:6      | Noticed Crazy Yiuf
  6486 | D:6      | Killed Crazy Yiuf
  6491 | D:6      | Identified the +3 mace of Defence by Offence {flame, rF+
                  | Str+8 Stlth-}
  6548 | D:7      | Found Vauhod's Distillery.
  6575 | D:7      | Bought a potion of heal wounds for 55 gold pieces
  6575 | D:7      | Bought a potion of invisibility for 88 gold pieces
  6594 | D:7      | Found Izxiusie's Antique Armour Shoppe.
  6609 | D:7      | Found Kaur's Weapon Emporium.
  6616 | D:7      | Found Tuuneu's Book Boutique.
  6627 | D:7      | Bought a book of Scorching for 390 gold pieces
  6630 | D:7      | Learned a level 2 spell: Scorch
  6966 | D:7      | Noticed Harold
  6985 | D:7      | Reached skill level 5 in Invocations
  7029 | D:7      | Slain by Harold

Illustrated notes

Levels and vault maps discovered:
D:1:      lightli_iron_boxes, layout_loops_ring, st_stairs_7,
          kennysheep_pointless_box, minmay_tetromino_i4
D:2:      layout_basic, chequers_ecumenical_altar_island,
          minmay_fractal_squares_5
D:3:      layout_basic
D:4:      layout_cave_pods, mainiacjoe_overflow_catwalk,
          minmay_temple_entry_tees, serial_shops,
          nicolae_shop_temple_entry_statues_fountains, nicolae_wooded_promenade,
          bh_walls_and_bars
D:5:      layout_layer_cave, minmay_mini_ossuary
D:6:      minmay_bubble_buster, layout_rooms, uniq_crazy_yiuf_cottage
D:7:      layout_rooms, serial_shops, nicolae_shop_behind_doors, shop,
          nicolae_diamond_shop, shop_coins, shop, uniq_harold
Temple:   kilobyte_greek_temple

Skill      XL: |  1  2  3  4  5  6  7  8  9 |
---------------+----------------------------+-----
Stealth        | 10 | 10.6
Invocations    | 1 2 3 4 5 |  5.0
Short Blades   | 1 2 3 4 |  4.5
Long Blades    | 1 2 3 4 |  4.5
Maces & Flails | 1 2 3 4 |  4.5
Polearms       | 1 2 3 4 |  4.5
Staves         | 1 2 3 4 |  4.5
Slings         | 1 2 3 4 |  4.5
Bows           | 1 2 3 4 |  4.5
Crossbows      | 1 2 3 4 |  4.5
Throwing       | 1 2 3 4 |  4.5
Armour         | 1 2 3 4 |  4.5
Shields        | 1 2 3 4 |  4.5
Unarmed Combat | 1 2 3 4 |  4.5
Spellcasting   | 1 2 3 4 |  4.5
Evocations     | 1 2 3 4 |  4.5
Conjurations   | 1 2 3 |  3.7
Hexes          | 1 2 3 |  3.7
Summonings     | 1 2 3 |  3.7
Necromancy     | 1 2 3 |  3.7
Translocations | 1 2 3 |  3.7
Transmutations | 1 2 3 |  3.7
Fire Magic     | 1 2 3 |  3.7
Ice Magic      | 1 2 3 |  3.7
Air Magic      | 1 2 3 |  3.7
Earth Magic    | 1 2 3 |  3.7
Poison Magic   | 1 2 3 |  3.7
Axes           | 5 6 |  6.5
Dodging        | 5 6 |  6.5
Fighting       | 7 8 |  8.0

Action                   |  1- 3 |  4- 6 |  7- 9 || total
-------------------------+-------+-------+-------++-------
Melee: Hand axe          |   130 |    77 |       ||   207
       Bite              |    12 |    11 |    14 ||    37
       Dagger            |       |    27 |    71 ||    98
       Scythe            |       |       |   115 ||   115
       Unarmed           |       |       |     4 ||     4
 Cast: Scorch            |       |       |     4 ||     4
Evoke: Wand              |     1 |     4 |     9 ||    14
  Use: Potion            |       |     2 |     7 ||     9
       Scroll            |       |     1 |    11 ||    12
 Stab: Sleeping          |    15 |     4 |    16 ||    35
       Distracted        |       |       |     2 ||     2
       Invisible         |       |       |     3 ||     3
Armor: Scale mail        |    53 |    37 |       ||    90
       Ring mail         |       |     2 |   102 ||   104
Dodge: Dodged            |    49 |    56 |   145 ||   250
Block: Buckler           |    18 |    15 |    12 ||    45
